Unix NetHack Version 5.0.0-0 post-release - last build May  4 2026 22:22:43 (774f63e81ad911689b3a0859ea89b322d5daca8d,branch:main).

Game began 2026-05-07 09:24:41, ended 2026-05-07 10:00:29.

08245982402, lawful female dwarven Valkyrie

                                    -------
                                 ###..@f..|
             -------------   #####  |.....|
             .(..>........##[#      |.....|
             |...........|          |......
             |...........|          -------
            #-...........|
            #|...........|
            #|...........|
 ----+--    #-------------
 |.....-#####
 |.....|
 |<....|
 |.....|
 -------

08245982402 the Fighter     St:18 Dx:12 Co:15 In:9 Wi:11 Ch:9  Lawful
Dlvl:4  $:96 HP:0(53) Pw:7(7) AC:10 Xp:6 T:2312  FoodPois

Latest messages:
 You miss the cave spider.
 The cave spider bites!
 In what direction? 6
 The dagger misses the cave spider.
 The cave spider bites!
 You kill the cave spider!
 You see here a +0 dagger.
 b - a +0 dagger (at the ready) (7 in total).
 You kill the gas spore!
 Boom!
 You are caught in the gas spore's explosion!
 You kill the mountain nymph!
 You see here an uncursed +3 small shield.
 A bear trap closes on your foot!
 Your movements are slowed slightly because of your load.
 What do you want to drop? [$abe-jlopr-xABD-F or ?*] F
 You drop a newt corpse.
 There is a newt corpse here; eat it? [ynq] (n) y
 Ulch - that meat was tainted!
 You feel deathly sick.
 (It must have died too long ago to be safe to eat.)
 What do you want to drink? [D or ?*] D
 You feel better.
 What do you want to drop? [$abe-jlopr-xABE or ?*] E
 You drop an egg.
 You are caught in a bear trap.
 What do you want to drop? [$abe-jlopr-xAB or ?*] B
 You drop an orcish helm.
 Your movements are now unencumbered.
 You don't have anything to drink.
 You are caught in a bear trap.
 You are caught in a bear trap.
 You are caught in a bear trap.
 You are caught in a bear trap.
 Your sickness feels worse.
 You are caught in a bear trap.
 Your leg feels better.
 You are caught in a bear trap.
 Your sickness is severe.
 You are caught in a bear trap.
 You are caught in a bear trap.
 You are at Death's door.
 You are caught in a bear trap.
 You are caught in a bear trap.
 You die from your illness.
 Do you want your possessions identified? [ynq] (y) y
 Do you want to see your attributes? [ynq] (y) y
 Do you want an account of creatures vanquished? [ynaq] (y) y
 Do you want to see your conduct and achievements? [ynq] (y) y
 Do you want to see the dungeon overview? [ynq] (y) y

Inventory:
 Coins    ('$')
  $ - 96 gold pieces
 Weapons  (')')
  p - 9 +0 darts
  b - 7 +0 daggers (at the ready)
  a - a +1 dwarvish spear (weapon in right hand)
  w - a +0 elven dagger
  f - a cursed +1 lance
 Armor    ('[')
  s - a cursed -1 shield of drain resistance
  r - a cursed +0 chain mail
 Comestibles  ('%')
  t - an uncursed cram ration
  u - 2 uncursed food rations
 Scrolls  ('?')
  l - a blessed scroll of light
 Wands    ('/')
  i - a wand of cancellation (0:7)
  v - a wand of striking (0:5)
 Tools    ('(')
  j - an uncursed leash
  o - an uncursed leash
  g - a cursed lock pick
  e - an uncursed oil lamp
  A - an uncursed tallow candle
 Gems/Stones  ('*')
  x - 2 uncursed worthless pieces of violet glass
  h - 2 cursed worthless pieces of violet glass

08245982402 the Valkyrie's attributes:

Background:
 You were a Fighter, a level 6 dwarven Valkyrie.
 You were lawful, nominally on a mission for Tyr
 who was opposed by Odin (neutral) and Loki (chaotic).
 You were right-handed.
 You were in the Dungeons of Doom, on level 4.
 You entered the dungeon 2312 turns ago.
 You had 388 experience points, 252 more were needed to attain level 7.

Basics:
 You had 0 out of 53 hit points.
 You had all 7 energy points (spell power).
 Your armor class was 10.
 Your wallet contained 96 zorkmids.
 Autopickup was off.

Final Characteristics:
 Your strength was 18 (peak:18/02, limit:18/100).
 Your dexterity was 12 (limit:20).
 Your constitution was 15 (limit:20).
 Your intelligence was 9 (limit:16).
 Your wisdom was 11 (limit:16).
 Your charisma was 9 (limit:16).

Final Status:
 You died from food poisoning.
 You were trapped in a bear trap.
 You weren't hungry.
 You were unencumbered.
 You were wielding a spear.
 You had basic skill with spear.
 You weren't wearing any armor.

Final Attributes:
 You were piously aligned.
 You were cold resistant.
 You had infravision.
 You were stealthy.
 You are dead.

Miscellaneous:
 You didn't encounter any bones levels.
 Total elapsed playing time was 35 minutes and 47 seconds.

Major events:
 Turn
    1: 08245982402 the lawful dwarven Valkyrie entered the dungeon
  312: attained the rank of Skirmisher (level 3)
 1152: entered the Gnomish Mines
 1681: attained the rank of Fighter (level 6)
 2312: poisoned by a rotted newt corpse

You didn't know any spells.

Skills:
 Fighting Skills
   bare handed combat [Unskilled]
   two weapon combat  [Unskilled]
   riding             [Unskilled]
 Weapon Skills
   dagger             [Basic]
   axe                [Unskilled]
   pick-axe           [Unskilled]
   short sword        [Unskilled]
   broadsword         [Unskilled]
   long sword         [Unskilled]
   two-handed sword   [Unskilled]
   saber              [Unskilled]
   hammer             [Unskilled]
   quarterstaff       [Unskilled]
   polearms           [Unskilled]
   spear              [Basic]
   trident            [Unskilled]
   lance              [Unskilled]
   sling              [Unskilled]
 Spellcasting Skills
   attack spells      [Unskilled]
   escape spells      [Unskilled]

Voluntary challenges:
 Character rerolling was not enabled.
 You were an atheist.
 You were illiterate.
 You never genocided any monsters.
 You never polymorphed an object.
 You never changed form.
 You used no wishes.
Achievements:
 You attained the rank of Skirmisher.
 You entered a shop.
 You entered the Gnomish Mines.
 You attained the rank of Fighter.

 The Dungeons of Doom: levels 1 to 4
    Level 1:
       A fountain.
    Level 2:
       A vegetarian food shop, a fountain.
       Stairs down to The Gnomish Mines.
    Level 3:
       A general store.
    Level 4: <- You were here.
       Final resting place for
          you, poisoned by a rotted newt corpse.
 The Gnomish Mines:
    Level 3:


Vanquished creatures:
  5 small mimics
  a leprechaun
  a mountain nymph
  2 elf zombies
  a floating eye
  a dwarf
  a rothe
  a giant bat
  a wererat
  a coyote
  a gas spore
  3 hobbits
  a cave spider
  a green mold
  6 gnomes
  a gnome zombie
  a gecko
  4 jackals
  a fox
  4 kobolds
  2 goblins
  2 sewer rats
  2 grid bugs
  4 lichens
  a kobold zombie
  6 newts
55 creatures vanquished.

No species were genocided or became extinct.

Game over:
                       ----------
                      /          \
                     /    REST    \
                    /      IN      \
                   /     PEACE      \
                  /                  \
                  |   08245982402    |
                  |      96 Au       |
                  |  poisoned by a   |
                  |   rotted newt    |
                  |      corpse      |
                  |                  |
                  |       2026       |
                 *|     *  *  *      | *
        _________)/\\_//(\/(/\)/\//\/|_)_______

Farvel 08245982402 the Valkyrie...

You were poisoned in The Dungeons of Doom on dungeon level 4 with 1843 points,
and 96 pieces of gold, after 2312 moves.
You were level 6 with a maximum of 53 hit points when you were poisoned.

